 Dungeon Crawl Stone Soup version 0.30-a0-847-g17996783a1 (webtiles) character file.

Game seed: 7583028655650236602

341 cforsyth the Sneak (level 6, -3/38 HPs)
             Began as a Kobold Brigand on Mar 3, 2023.
             Slain by an orc
             ... wielding a +0 flail
              (7 damage)
             ... on level 4 of the Dungeon.
             The game lasted 00:03:52 (4254 turns).

cforsyth the Sneak (Kobold Brigand)                 Turns: 4254, Time: 00:03:53

Health: -3/38      AC:  4    Str:  8    XL:     6   Next: 87%
Magic:  6/6        EV: 16    Int: 12    God:
Gold:   174        SH:  0    Dex: 19    Spells: 5/5 levels left

rFire   . . .      SeeInvis .    a - +2 dagger
rCold   . . .      Faith    .    (no shield)
rNeg    . . .      Spirit   .    b - +0 robe
rPois   .          Reflect  .    (no helmet)
rElec   .          Rampage  .    c - +0 cloak
rCorr   .                        s - +0 pair of gloves
Will    .....                    (no boots)
Stlth   +++++                    (no amulet)
HPRegen 0.26/turn                (no ring)
MPRegen 0.10/turn                (no ring)

@: no status effects
A: small, no large weapons, nightstalker 3
a: no special abilities


You were on level 4 of the Dungeon.
You visited 1 branch of the dungeon, and saw 5 of its levels.

You collected 174 gold pieces.

Inventory:

Hand Weapons
 a - a +2 dagger (weapon)
 w - a +0 rapier
Missiles
 d - 16 poisoned darts (quivered)
 e - 3 curare-tipped darts
Armour
 b - a +0 robe (worn)
 c - a +0 cloak (worn)
 s - a +0 pair of gloves (worn)
Jewellery
 g - a ring of ice
 o - a +4 ring of protection
Scrolls
 h - a scroll of brand weapon {unknown}
 i - 7 scrolls of identify {unknown}
 j - a scroll of magic mapping {unknown}
 l - a scroll of acquirement {unknown}
 n - a scroll of teleportation {unknown}
 r - a scroll of noise {unknown}
 t - a scroll of summoning {unknown}
 y - a scroll of enchant armour {unknown}
 A - a scroll of amnesia {unknown}
 B - a scroll of vulnerability {unknown}
 D - a scroll of poison {unknown}
Potions
 f - a potion of experience {unknown}
 k - a potion of ambrosia {unknown}
 m - a potion of heal wounds {unknown}
 p - 2 potions of might
 q - 2 potions of mutation {unknown}
 u - a potion of magic {unknown}
 v - a potion of brilliance {unknown}
 x - a potion of haste {unknown}
 z - a potion of lignification {unknown}
 C - a potion of berserk rage {unknown}


   Skills:
 + Level 4.1 Fighting
 + Level 4.9 Short Blades
 - Level 2.1 Throwing
 + Level 4.0 Dodging
 + Level 7.0 Stealth


You had 5 spell levels left.
You didn't know any spells.
Your spell library contained the following spells:

 Spells                   Type           Power      Damage    Failure   Level
 Summon Small Mammal      Summ           0%         N/A       32%         1
 Call Canine Familiar     Summ           0%         N/A       69%         3
 Ignite Poison            Fire/Tmut/Pois 0%         N/A       69%         3
 Kindle Blastsparks       Fire/Tloc/Air  0%         2d10      69%         3
 Summon Guardian Golem    Hex/Summ       0%         N/A       69%         3
 Animate Dead             Necr           0%         N/A       97%         4
 Borgnjor's Vile Clutch   Necr/Erth      0%         N/A       100%        5
 Freezing Cloud           Conj/Ice/Air   0%         6-21      100%        5
 Death Channel            Necr           0%         N/A       100%        6


Dungeon Overview and Level Annotations

Branches:
Dungeon (5/15)
 Temple: D:4-7

Altars:
Yredelemnul


Innate Abilities, Weirdness & Mutations

You are small and have problems with some larger weapons.
You are completely attuned to the shadows.


Message History

You bump into the rock wall.
The orc barely misses you. The orc hits you with a +0 flail.
The gnoll sergeant barely misses you.
You bump into the rock wall.
You feel less confused. The orc barely misses you.
The gnoll sergeant hits you from afar with a +0 spear.
* * * LOW HITPOINT WARNING * * *
The orc attacks as you move away! The orc hits you with a +0 flail.
* * * LOW HITPOINT WARNING * * *
Unknown command.
The orc attacks as you move away! The orc completely misses you.
Found 5 stones.
The orc attacks as you move away! The orc barely misses you.
The orc attacks as you move away! The orc misses you.
The orc attacks as you move away! The orc barely misses you.
The orc attacks as you move away! The orc barely misses you.
The orc completely misses you. The gnoll sergeant closely misses you.
The gnoll sergeant misses you.
An orc comes into view. It is wielding a +0 short sword.
Found a tourmaline ring.
The orc attacks as you move away! The orc hits you with a +0 flail!
* * * LOW HITPOINT WARNING * * *
The orc shouts!
The orc attacks as you move away! The orc barely misses you.
There is a stone staircase leading up here.
The orc completely misses you. The gnoll sergeant misses you.
The orc completely misses you.
You climb upwards.
There is a stone staircase leading down here.
Unknown command.
You hit the orc but do no damage. You hit the orc.
The orc is heavily wounded.
The orc hits you with a +0 flail.
* * * LOW HITPOINT WARNING * * *
The orc misses you.
You closely miss the orc.
The orc is heavily wounded.
The orc hits you with a +0 flail!
You die...

#...## ##.......# #
##....# #........####
#...(.# #<........#..
#.....####...........#
##.......##..........##
#.......[............#
#......>.............##
#....oo##.............#
#.....@###............#
#......# ##..........##
##.....# #.........##
#.....# ##.........#
#...)## #.........##
##...# ##..#.....##
#...# #..##....##
##..###..##..###
#####..######


You could see 2 orcs.

Vanquished Creatures
  A phantom (D:3)
  Terence (D:2)
  2 iguanas (D:4)
  2 sleepcaps (D:4)
  A hound zombie (D:3)
  A gnoll (D:5)
  4 adders
  2 adder zombies (D:3)
  2 dart slugs
  2 orcs
  4 endoplasms
  3 giant cockroaches
  8 goblins
  5 hobgoblins
  8 jackals (D:1)
  4 quokkas
  6 ball pythons
  6 bats
  3 frilled lizards
  A giant cockroach zombie (D:3)
  5 kobolds
  4 rats
75 creatures vanquished.

Notes
Turn   | Place    | Note
-------+----------+-------------------------------------------
     0 | D:1      | cforsyth the Kobold Brigand began the quest for the Orb.
     0 | D:1      | Reached XP level 1. HP: 12/12 MP: 1/1
   134 | D:1      | Reached XP level 2. HP: 18/18 MP: 2/2
   545 | D:1      | Reached XP level 3. HP: 22/22 MP: 3/3
  1356 | D:2      | Noticed Terence
  1360 | D:2      | Killed Terence
  1361 | D:2      | Reached XP level 4. HP: 28/28 MP: 4/4
  1459 | D:2      | Reached skill level 6 in Stealth
  1947 | D:2      | Reached XP level 5. HP: 32/32 MP: 5/5
  2364 | D:3      | Found a basalt altar of Yredelemnul.
  2950 | D:4      | Reached XP level 6. HP: 12/38 MP: 6/6
  3914 | D:5      | Entered Level 5 of the Dungeon
  3955 | D:3      | Reached skill level 7 in Stealth
  4254 | D:4      | Slain by an orc

Illustrated notes

Levels and vault maps discovered:
D:1:      saegor_arrival_simple_d, layout_basic
D:2:      layout_basic, eino_tiny_chamber, uniq_terence
D:3:      layout_basic, nicolae_yredelemnul_corpse_copse
D:4:      layout_cave_pods, dk_noncrumbling_3
D:5:      minmay_general_purpose_star, layout_rooms,
          pdpol_wu_jian_five_deadly_venoms, general_overflow_altar,
          minmay_temple_entry_statues_pillars

Skill      XL: |  1  2  3  4  5  6 |
---------------+-------------------+-----
Short Blades   | 3 4 |  4.9
Dodging        | 2 3 4 |  4.0
Fighting       | 3 4 |  4.1
Stealth        | 6 7 |  7.0
Throwing       | |  2.1

Action                     |  1- 3 |  4- 6 || total
---------------------------+-------+-------++-------
  Melee: Dagger            |   105 |   114 ||   219
         Punch             |     2 |     1 ||     3
    Use: Potion            |       |     1 ||     1
   Stab: Sleeping          |    22 |    27 ||    49
         Distracted        |       |     1 ||     1
 Armour: Robe              |    24 |     4 ||    28
  Dodge: Dodged            |    77 |    82 ||   159

Table legend: (Time is in decaauts)
 A = Elapsed time spent in this place.
 B = Non-inter-level travel time spent in this place.
 C = Inter-level travel time spent in this place.
 D = Time resting spent in this place.
 E = Time spent auto-exploring this place.
 F = Levels seen in this place.
 G = Mean time per level.
                   A        B        C        D        E       F      G
               +--------+--------+--------+--------+--------+-----+--------+
         Total |   4217 |   4055 |    162 |    394 |   3089 |   5 |  843.4 |
       Dungeon |   4217 |   4055 |    162 |    394 |   3089 |   5 |  843.4 |
               +--------+--------+--------+--------+--------+-----+--------+

Top non-repeatable levels by time:
     D:1: 1314 daAuts
     D:4: 1113 daAuts
     D:2: 884 daAuts
     D:3: 835 daAuts
     D:5: 69 daAuts
